| TOP OF THE 1ST |
|
Cincinnati Reds batting - Pitching for Philadelphia Phillies : RHP James Woods Jr.
|
|
Pitching: RHP James Woods Jr.
|
|
|
Batting: RHB Willie Lazcano
|
0-0: Ball 1-0: Ground out 4-3 (Groundball, 4, EV 85.6 MPH)
|
|
Batting: RHB Steve Castleberry
|
0-0: Ball 1-0: Ball 2-0: Swinging Strike 2-1: Foul Ball, location: 2F 2-2: Foul Ball, location: 2F 2-2: Fly out, F8 (Flyball, 8LD, EV 100.6 MPH)
|
|
Batting: LHB Chris Grunwald
|
0-0: Called Strike 0-1: Ball 1-1: Called Strike 1-2: Ball 2-2: Ball 3-2: Foul Ball, location: 2F 3-2: Base on Balls
|
|
Batting: SHB Dave Barefoot
|
0-0: Ball 1-0: Called Strike 1-1: Called Strike 1-2: Ball 2-2: Foul Ball, location: 2F 2-2: Ball 3-2: Strikes out swinging
|
| Top of the 1st over - 0 runs, 0 hits, 0 errors, 1 left on base; Cincinnati 0 - Philadelphia 0 |
| BOTTOM OF THE 1ST |
|
Philadelphia Phillies batting - Pitching for Cincinnati Reds : LHP Marco Berrios
|
|
Pitching: LHP Marco Berrios
|
|
|
Batting: SHB Lance Franklin
|
0-0: Ball 1-0: Ball 2-0: Called Strike 2-1: DOUBLE (Line Drive, 3D, EV 106.2 MPH)
|
|
Batting: SHB Phuck II
|
0-0: Ball 1-0: Ground out 1-3 (Groundball, 15S, EV 64.4 MPH)
|
|
Batting: RHB Chef Belew
|
0-0: Ball 1-0: Foul Ball, location: 2F 1-1: Ball 2-1: Foul Ball, location: 2F 2-2: Ball 3-2: DOUBLE (Flyball, 78D, EV 111.2 MPH) Lance Franklin scores
|
|
Batting: RHB Josh Hensley
|
0-0: Ball 1-0: Foul Ball, location: 2F 1-1: Ground out U3 (Groundball, 34S, EV 86.9 MPH) Chef Belew to third
|
|
Batting: LHB Osamu Kubo
|
0-0: Ball 1-0: Ball 2-0: Ground out 4-3 (Groundball, 4M, EV 108.8 MPH)
|
| Bottom of the 1st over - 1 run, 2 hits, 0 errors, 1 left on base; Cincinnati 0 - Philadelphia 1 |
| TOP OF THE 2ND |
|
Cincinnati Reds batting - Pitching for Philadelphia Phillies : RHP James Woods Jr.
|
|
Batting: SHB Saulo Maina
|
0-0: Ball 1-0: Ball 2-0: Called Strike 2-1: Swinging Strike 2-2: Strikes out swinging
|
|
Batting: RHB Fred Slade
|
0-0: Called Strike 0-1: Foul Ball, location: 2F 0-2: Fly out, F3 (Line Drive, 4, EV 59.4 MPH)
|
|
Batting: RHB Tony Casas
|
0-0: Ball 1-0: Fly out, F8 (Flyball, 8RD, EV 89.4 MPH)
|
| Top of the 2nd over - 0 runs, 0 hits, 0 errors, 0 left on base; Cincinnati 0 - Philadelphia 1 |
| BOTTOM OF THE 2ND |
|
Philadelphia Phillies batting - Pitching for Cincinnati Reds : LHP Marco Berrios
|
|
Batting: LHB Mike Davis
|
0-0: Ball 1-0: Ball 2-0: Called Strike 2-1: SINGLE (Line Drive, 9S, EV 103.1 MPH)
|
|
Batting: RHB Quintin Parker
|
0-0: Grounds out, U3 (Groundball, 3L, EV 105.0 MPH)
|
|
Batting: LHB Jim Beaver
|
0-0: Ball Wild Pitch! Mike Davis to third 1-0: Fly out, F9 (Flyball, 9LD, EV 98.8 MPH) Runner from 3rd tags up, SCORES, no throw by RF
|
|
Batting: LHB Ryan Trombley
|
0-0: Called Strike 0-1: Ball 1-1: Foul Ball, location: 2F 1-2: Ball 2-2: Foul Ball, location: 2F 2-2: Fly out, F9 (Line Drive, 9S, EV 93.8 MPH)
|
| Bottom of the 2nd over - 1 run, 1 hit, 0 errors, 0 left on base; Cincinnati 0 - Philadelphia 2 |
| TOP OF THE 3RD |
|
Cincinnati Reds batting - Pitching for Philadelphia Phillies : RHP James Woods Jr.
|
|
Batting: RHB Joseph Kirchmann
|
0-0: Ball 1-0: Swinging Strike 1-1: SINGLE (Groundball, 56, EV 96.9 MPH)
|
|
Batting: RHB Omar Quintana
|
0-0: Ball 1-0: Sac Bunt to 13 - play at first, batter OUT! 1-3 Joseph Kirchmann to second
|
|
Batting: RHB Willie Lazcano
|
0-0: Foul Ball, location: 2F 0-1: SINGLE (Line Drive, 8RS, EV 100.6 MPH) Joseph Kirchmann to third Runner from 3rd tries for Home, SAFE, throw by CF to home
|
|
Batting: RHB Steve Castleberry
|
0-0: Called Strike 0-1: Reached on error, E9 (Flyball, 89D, EV 103.1 MPH) Willie Lazcano to second
|
|
Batting: LHB Chris Grunwald
|
0-0: Ball 1-0: Ball 2-0: Ball 3-0: Called Strike 3-1: Foul Ball, location: 2F 3-2: Base on Balls Willie Lazcano to third Steve Castleberry to second
|
|
Batting: SHB Dave Barefoot
|
0-0: Foul Ball, location: 2F 0-1: Ball 1-1: Foul Ball, location: 2F 1-2: Ball 2-2: Strikes out swinging
|
|
Batting: SHB Saulo Maina
|
0-0: Ball 1-0: Swinging Strike 1-1: Fly out, F9 (Flyball, 9, EV 88.1 MPH)
|
| Top of the 3rd over - 1 run, 2 hits, 1 error, 3 left on base; Cincinnati 1 - Philadelphia 2 |
| BOTTOM OF THE 3RD |
|
Philadelphia Phillies batting - Pitching for Cincinnati Reds : LHP Marco Berrios
|
|
Batting: SHB Lance Franklin
|
0-0: Foul Ball, location: 2F 0-1: Ball 1-1: Foul Ball, location: 2F 1-2: Strikes out looking and he ARGUES THE CALL AND IS TOSSED!
|
|
Batting: SHB Phuck II
|
0-0: Called Strike 0-1: Foul Ball, location: 2F 0-2: Ball 1-2: Foul Ball, location: 2F 1-2: Foul Ball, location: 2F 1-2: Ball 2-2: Foul Ball, location: 2F 2-2: Ground out 5-3 (Groundball, 5S, EV 78.1 MPH)
|
|
Batting: RHB Chef Belew
|
0-0: Ball 1-0: Ball 2-0: Called Strike 2-1: Called Strike 2-2: Fly out, F7 (Flyball, 78M, EV 95.6 MPH)
|
| Bottom of the 3rd over - 0 runs, 0 hits, 0 errors, 0 left on base; Cincinnati 1 - Philadelphia 2 |
| TOP OF THE 4TH |
|
Cincinnati Reds batting - Pitching for Philadelphia Phillies : RHP James Woods Jr.
|
|
Now at 2B: Nick Canizales
|
|
|
Now at SS: Jim Beaver
|
|
|
Batting: RHB Fred Slade
|
0-0: Ball 1-0: Ball 2-0: Foul Ball, location: 2F 2-1: Swinging Strike 2-2: Foul Ball, location: 2F 2-2: Foul Ball, location: 2F 2-2: Ball 3-2: SINGLE (Groundball, 56D, EV 99.4 MPH)
|
|
Batting: RHB Tony Casas
|
0-0: Swinging Strike 0-1: Called Strike 0-2: Foul Ball, location: 2F 0-2: Strikes out looking
|
|
Batting: RHB Joseph Kirchmann
|
0-0: Ball 1-0: Called Strike 1-1: Foul Ball, location: 2F 1-2: Foul Ball, location: 2F 1-2: SINGLE (Flyball, 4D, EV 85.0 MPH) Fred Slade to second
|
|
Batting: RHB Omar Quintana
|
0-0: Called Strike 0-1: Ball 1-1: Ball 2-1: Ball 3-1: Foul Ball, location: 2F 3-2: Base on Balls Fred Slade to third Joseph Kirchmann to second
|
|
Batting: RHB Willie Lazcano
|
0-0: Called Strike 0-1: Called Strike 0-2: Ball 1-2: Fly out, F9 (Flyball, 89D, EV 103.8 MPH) Runner from 3rd tags up, OUT at HOME! 9-2
|
| Top of the 4th over - 0 runs, 2 hits, 0 errors, 2 left on base; Cincinnati 1 - Philadelphia 2 |
| BOTTOM OF THE 4TH |
|
Philadelphia Phillies batting - Pitching for Cincinnati Reds : LHP Marco Berrios
|
|
Batting: RHB Josh Hensley
|
0-0: Ball 1-0: Ball 2-0: Foul Ball, location: 2F 2-1: Foul Ball, location: 2F 2-2: SINGLE (Groundball, 23, EV 68.8 MPH) (infield hit)
|
|
Batting: LHB Osamu Kubo
|
0-0: Hit by Pitch Josh Hensley to second
|
|
Batting: LHB Mike Davis
|
0-0: Swinging Strike 0-1: Foul Ball, location: 2F 0-2: Ball 1-2: Ball 2-2: Ball 3-2: DOUBLE (Line Drive, 7LS, EV 100.6 MPH) Josh Hensley scores Osamu Kubo to third Runner from 3rd tries for Home, SAFE, no throw by LF
|
|
Batting: RHB Quintin Parker
|
0-0: Intentional Walk
|
|
Batting: LHB Jim Beaver
|
0-0: Ball 1-0: Grounds into double play, 4-6-3 (Groundball, 4, EV 80.6 MPH) Mike Davis to third
|
|
Batting: LHB Ryan Trombley
|
0-0: Fly out, F9 (Flyball, 89M, EV 86.9 MPH)
|
| Bottom of the 4th over - 2 runs, 2 hits, 0 errors, 1 left on base; Cincinnati 1 - Philadelphia 4 |
| TOP OF THE 5TH |
|
Cincinnati Reds batting - Pitching for Philadelphia Phillies : RHP James Woods Jr.
|
|
Batting: RHB Steve Castleberry
|
0-0: Ball 1-0: Called Strike 1-1: Swinging Strike 1-2: Ball 2-2: Foul Ball, location: 2F 2-2: Foul Ball, location: 2F 2-2: Strikes out looking
|
|
Batting: LHB Chris Grunwald
|
0-0: Swinging Strike 0-1: Ball 1-1: Ball 2-1: Foul Ball, location: 2F 2-2: Ball 3-2: Strikes out swinging
|
|
Batting: SHB Dave Barefoot
|
0-0: Foul Ball, location: 2F 0-1: Ball 1-1: Called Strike 1-2: Strikes out swinging
|
| Top of the 5th over - 0 runs, 0 hits, 0 errors, 0 left on base; Cincinnati 1 - Philadelphia 4 |
| BOTTOM OF THE 5TH |
|
Philadelphia Phillies batting - Pitching for Cincinnati Reds : LHP Marco Berrios
|
|
Batting: LHB Nick Canizales
|
0-0: Ball 1-0: Foul Ball, location: 2F 1-1: Ball 2-1: Swinging Strike 2-2: Ground out U3 (Groundball, 3, EV 86.9 MPH)
|
|
Batting: SHB Phuck II
|
0-0: Ball 1-0: Ball 2-0: Fly out, F9 (Flyball, 9D, EV 108.8 MPH)
|
|
Batting: RHB Chef Belew
|
0-0: Ball 1-0: Foul Ball, location: 2F 1-1: SINGLE (Line Drive, 7S, EV 96.9 MPH)
|
|
Batting: RHB Josh Hensley
|
0-0: Called Strike 0-1: Swinging Strike 0-2: Ball 1-2: Ball 2-2: Strikes out swinging
|
| Bottom of the 5th over - 0 runs, 1 hit, 0 errors, 1 left on base; Cincinnati 1 - Philadelphia 4 |
| TOP OF THE 6TH |
|
Cincinnati Reds batting - Pitching for Philadelphia Phillies : RHP James Woods Jr.
|
|
Batting: SHB Saulo Maina
|
0-0: Called Strike 0-1: Ball 1-1: Called Strike 1-2: Ball 2-2: Reached on error, E5 (Groundball, 6, EV 82.5 MPH)
|
|
Batting: RHB Fred Slade
|
0-0: Called Strike 0-1: Called Strike 0-2: Ball 1-2: Foul Ball, location: 2F 1-2: Ball 2-2: Strikes out looking
|
|
Pitching: LHP Ignacio Amaya
|
|
|
Batting: RHB Tony Casas
|
0-0: Ground out 4-3 (Groundball, 34, EV 79.4 MPH) Saulo Maina to third
|
|
Batting: RHB Joseph Kirchmann
|
0-0: Ball 1-0: Ground out 6-3 (Groundball, 6, EV 105.0 MPH)
|
| Top of the 6th over - 0 runs, 0 hits, 1 error, 1 left on base; Cincinnati 1 - Philadelphia 4 |
| BOTTOM OF THE 6TH |
|
Philadelphia Phillies batting - Pitching for Cincinnati Reds : LHP Marco Berrios
|
|
Batting: LHB Osamu Kubo
|
0-0: Called Strike 0-1: Ball 1-1: Ball 2-1: Ground out 1-3 (Groundball, 34S, EV 68.8 MPH)
|
|
Batting: LHB Mike Davis
|
0-0: Called Strike 0-1: Ball 1-1: Foul Ball, location: 2F 1-2: Ball 2-2: Strikes out looking
|
|
Batting: RHB Quintin Parker
|
0-0: Called Strike 0-1: Ball 1-1: SOLO HOME RUN (Flyball, 7D, EV 100.0 MPH), Distance : 373 ft
|
|
Batting: LHB Jim Beaver
|
0-0: Called Strike 0-1: Fly out, F7 (Flyball, 7D, EV 87.5 MPH)
|
| Bottom of the 6th over - 1 run, 1 hit, 0 errors, 0 left on base; Cincinnati 1 - Philadelphia 5 |
| TOP OF THE 7TH |
|
Cincinnati Reds batting - Pitching for Philadelphia Phillies : LHP Ignacio Amaya
|
|
Batting: RHB Omar Quintana
|
0-0: Ground out U3 (Groundball, 3, EV 95.6 MPH)
|
|
Batting: RHB Willie Lazcano
|
0-0: Ball 1-0: Called Strike 1-1: Ball 2-1: Foul Ball, location: 2F 2-2: Foul Ball, location: 2F 2-2: Strikes out swinging
|
|
Batting: RHB Steve Castleberry
|
0-0: Swinging Strike 0-1: Called Strike 0-2: SINGLE (Line Drive, 89S, EV 91.9 MPH)
|
|
Batting: LHB Chris Grunwald
|
0-0: Ball 1-0: Ball 2-0: Ball 3-0: Called Strike 3-1: Foul Ball, location: 2F 3-2: Foul Ball, location: 2F 3-2: 2-RUN HOME RUN (Flyball, 89XD, EV 100.0 MPH), Distance : 411 ft
|
|
Batting: SHB Dave Barefoot
|
0-0: Swinging Strike 0-1: Ball 1-1: Ball 2-1: Ball 3-1: Called Strike 3-2: SINGLE (Line Drive, 9S, EV 101.9 MPH)
|
|
Pitching: RHP Andy Burchfield
|
|
|
Batting: SHB Saulo Maina
|
0-0: Called Strike 0-1: Foul Ball, location: 2F 0-2: Ball 1-2: Ball Dave Barefoot steals 2nd base (no throw) 2-2: Foul Ball, location: 2F 2-2: Ball 3-2: Strikes out swinging
|
| Top of the 7th over - 2 runs, 3 hits, 0 errors, 1 left on base; Cincinnati 3 - Philadelphia 5 |
| BOTTOM OF THE 7TH |
|
Philadelphia Phillies batting - Pitching for Cincinnati Reds : LHP Marco Berrios
|
|
Pitching: LHP Antonio Diaz
|
|
|
Pinch Hitting: RHB Mike Hanks
|
0-0: Swinging Strike 0-1: Called Strike 0-2: Ball 1-2: Fly out, F7 (Flyball, 7, EV 83.8 MPH)
|
|
Batting: LHB Nick Canizales
|
0-0: Swinging Strike 0-1: Swinging Strike 0-2: Foul Ball, location: 2F 0-2: Ball 1-2: Foul Ball, location: 2F 1-2: Ball 2-2: Strikes out swinging
|
|
Batting: SHB Phuck II
|
0-0: Called Strike 0-1: Ball 1-1: Fly out, F4 (Popup, 3D, EV 54.4 MPH)
|
| Bottom of the 7th over - 0 runs, 0 hits, 0 errors, 0 left on base; Cincinnati 3 - Philadelphia 5 |
| TOP OF THE 8TH |
|
Cincinnati Reds batting - Pitching for Philadelphia Phillies : RHP Andy Burchfield
|
|
Now in CF: Cody Schumacher
|
|
|
Batting: RHB Fred Slade
|
0-0: Foul Ball, location: 2F 0-1: Called Strike 0-2: Ball 1-2: Ball 2-2: Foul Ball, location: 2F 2-2: Ball 3-2: Base on Balls
|
|
Batting: RHB Tony Casas
|
0-0: Ball 1-0: Ball 2-0: Ball 3-0: Base on Balls Fred Slade to second
|
|
Pinch Hitting: SHB Jun Tsuda
|
0-0: Ball 1-0: Swinging Strike 1-1: Ball 2-1: Ball Wild Pitch! Fred Slade to third Tony Casas to second 3-1: Base on Balls
|
|
Batting: LHB Antonio Figueroa
|
0-0: Ball 1-0: SINGLE (Groundball, 56, EV 105.0 MPH) Fred Slade scores Tony Casas to third Jun Tsuda to second
|
|
Batting: RHB Willie Lazcano
|
0-0: Called Strike 0-1: Ball 1-1: Swinging Strike 1-2: Ball 2-2: Grounds into fielders choice 4-2 (Groundball, 34, EV 104.4 MPH) Jun Tsuda to third Antonio Figueroa to second
|
|
Pitching: RHP Omar Orosco
|
|
|
Pinch Hitting: LHB Ricky Ayon
|
0-0: Swinging Strike 0-1: Ball 1-1: Swinging Strike 1-2: Strikes out swinging
|
|
Batting: LHB Chris Grunwald
|
0-0: Foul Ball, location: 2F 0-1: Foul Ball, location: 2F 0-2: Ball 1-2: Foul Ball, location: 2F 1-2: Fly out, F4 (Popup, 34S, EV 74.4 MPH)
|
| Top of the 8th over - 1 run, 1 hit, 0 errors, 3 left on base; Cincinnati 4 - Philadelphia 5 |
| BOTTOM OF THE 8TH |
|
Philadelphia Phillies batting - Pitching for Cincinnati Reds : LHP Antonio Diaz
|
|
Now in CF: Jun Tsuda
|
|
|
Now in RF: Ricky Ayon
|
|
|
Batting: RHB Chef Belew
|
0-0: Swinging Strike 0-1: Swinging Strike 0-2: Strikes out looking
|
|
Batting: RHB Josh Hensley
|
0-0: Swinging Strike 0-1: Called Strike 0-2: Ball 1-2: Ball 2-2: Strikes out swinging
|
|
Batting: LHB Osamu Kubo
|
0-0: SINGLE (Groundball, 34D, EV 111.2 MPH)
|
|
Batting: LHB Mike Davis
|
0-0: Fly out, F8 (Flyball, 89D, EV 98.1 MPH)
|
| Bottom of the 8th over - 0 runs, 1 hit, 0 errors, 1 left on base; Cincinnati 4 - Philadelphia 5 |
| TOP OF THE 9TH |
|
Cincinnati Reds batting - Pitching for Philadelphia Phillies : RHP Omar Orosco
|
|
Batting: SHB Dave Barefoot
|
0-0: Foul Ball, location: 2F 0-1: Fly out, F8 (Flyball, 78S, EV 96.2 MPH)
|
|
Batting: SHB Saulo Maina
|
0-0: Ball 1-0: Ball 2-0: Called Strike 2-1: Ball 3-1: Base on Balls
|
|
Batting: RHB Fred Slade
|
0-0: Ball 1-0: Swinging Strike 1-1: Foul Ball, location: 2F 1-2: Grounds into double play, 6-4-3 (Groundball, 56, EV 89.4 MPH)
|
| Top of the 9th over - 0 runs, 0 hits, 0 errors, 0 left on base; Cincinnati 4 - Philadelphia 5 |
|